 Dungeon Crawl Stone Soup version 0.19-a0-628-g9200b3b (webtiles) character file.

7656 Krapule the Fighter (level 10, -7/83 HPs)
             Began as a Demonspawn Gladiator on June 13, 2016.
             Was a Priest of Hepliaklqana.
             Shot with a sling bullet by Joseph (13 damage)
             ... on level 10 of the Dungeon.
             The game lasted 00:44:07 (12577 turns).

Krapule the Fighter (Demonspawn Gladiator)         Turns: 12577, Time: 00:44:07

Health: -7/83      AC: 13    Str: 16    XL:     10   Next: 99%
Magic:  16/16      EV: 14    Int:  9    God:    Hepliaklqana [***...]
Gold:   551        SH:  0    Dex: 17    Spells: 0 memorised, 9 levels left

rFire  x . .     SeeInvis +     a - +1 quarterstaff
rCold  + + .     Gourm    .     B - +0 ice dragon armour
rNeg   . . .     Faith    +     (shield currently unavailable)
rPois  .         Spirit   .     (helmet unavailable)
rElec  .         Dismiss  .     (no cloak)
rCorr  .         Reflect  .     (no gloves)
SustAt .         Harm     .     (no boots)
MR     +....                    D - amulet of faith
Stlth  ..........               i - ring of wizardry (curse)
                                h - ring of protection from magic

@: somewhat resistant to hostile enchantments, extremely unstealthy
A: antennae 3, thin metallic scales 2
a: Recall Ancestor, Ancestor Identity, Transference, Renounce Religion


You were on level 10 of the Dungeon.
You worshipped Hepliaklqana.
Hepliaklqana was most pleased with you.
You were not hungry.

You visited 2 branches of the dungeon, and saw 11 of its levels.

You collected 551 gold pieces.

Inventory:

Hand Weapons
 a - a +1 quarterstaff (weapon)
 b - a +0 shortbow
Missiles
 d - 5 throwing nets (quivered)
 s - 151 arrows
Armour
 B - a +0 ice dragon armour (worn)
Magical Staves
 y - an uncursed staff of poison {unknown}
Jewellery
 h - a ring of protection from magic (left hand)
 i - a cursed ring of wizardry (right hand)
 n - an uncursed amulet of magic regeneration
 D - an amulet of faith (around neck)
Wands
 g - a wand of polymorph (14/24)
 o - a wand of polymorph (6/24)
 t - a wand of flame (48/48)
 C - a wand of acid (10/15)
Scrolls
 e - a scroll of brand weapon {unknown}
 j - 3 scrolls of identify
 k - 2 scrolls of recharging
 p - a scroll of remove curse {unknown}
 r - a scroll of fear
 F - a scroll of enchant weapon
Potions
 c - 2 potions of brilliance
 m - a potion of curing
 u - 2 potions of cure mutation
 x - a potion of heal wounds {unknown}
 z - a potion of mutation {unknown}
 E - a potion of haste
Comestibles
 f - 6 bread rations
 l - a beef jerky
 v - a slice of pizza
 w - 2 meat rations
 A - a chunk of flesh


   Skills:
 + Level 9.0 Fighting
 + Level 8.5 Staves
 - Level 2.0 Throwing
 + Level 4.2 Armour
 + Level 8.3 Dodging
 + Level 8.0 Invocations


You had 9 spell levels left.
You didn't know any spells.

Dungeon Overview and Level Annotations

Branches:
Dungeon (10/15)            Temple (1/1) D:6            Lair (0/6) D:9
    Orc: D:9-12

Altars:
Ashenzari
Cheibriados
Dithmenos
Elyvilon
Fedhas
Gozag
Hepliaklqana
Kikubaaqudgha
Makhleb
Pakellas
Qazlal
Ru
Sif Muna
Trog
Uskayaw
Vehumet
Xom
Yredelemnul
Zin
The Shining One

Shops:
D:7 =

Annotations:
D:10 Joseph


Innate Abilities, Weirdness & Mutations

You have a pair of large antennae on your head. (SInv)
You are mostly covered in thin metallic scales. (AC +3)


Message History

The killer bee barely misses you.
The killer bee stings you but does no damage.
The killer bee stings you but does no damage.
The killer bee stings you.
* * * LOW HITPOINT WARNING * * *
Found a scroll of identify.
The killer bee stings you but does no damage. x2
The killer bee closely misses you.
Found a meat ration.
Found an escape hatch in the ceiling.
The killer bee closely misses you.
The killer bee stings you but does no damage.
The killer bee completely misses you.
Found an escape hatch in the floor.
Your surroundings suddenly seem different.
Joseph shoots a sling bullet.
The sling bullet hits you!
* * * LOW HITPOINT WARNING * * *
You see here a sling bullet.
Funestine emerges from the mists of memory!
Joseph shoots a sling bullet.
The sling bullet hits you!
You die...

#(..#
###############(..###############
....[.............[..............
..!.....)...)....................
....................(........(...
.............C.....[.............
......................(.(........
..............R.(.....@..........
................@.(.(............
###############...###############
#...# #...# #.(.# #...# #...#
#...# #...#


You could see the friendly Funestine the battlemage, Joseph and a hill giant.

Vanquished Creatures
  Erica (D:9)
  Pikel (D:5)
  2 trolls
  A hippogriff (D:10)
  A hungry ghost (D:9)
  Grum (D:9)
  Edmund (D:5)
  Duvessa (D:5)
  2 orc warriors
  2 ice beasts
  2 sky beasts
  A wasp (D:9)
  4 necrophages (D:7)
  An ogre (D:8)
  2 wolves (D:9)
  2 centaurs
  2 giant frogs
  A big kobold (D:8)
  A gnoll sergeant (D:8)
  2 scorpions (D:6)
  5 killer bees
  8 wights
  A crimson imp (D:7)
  A centaur skeleton (D:8)
  2 centaur zombies (D:7)
  A hound (D:5)
  3 orc priests
  A jelly (D:5)
  13 orc wizards
  2 worker ants
  A hound skeleton (D:7)
  2 mummies (D:7)
  2 howler monkey zombies
  3 gnolls (D:8)
  11 adders
  4 oozes
  An adder skeleton (D:4)
  A worm (D:4)
  2 dart slugs
  8 giant geckos
  32 orcs
  6 giant cockroaches
  3 goblins
  4 hobgoblins
  12 jackals
  4 quokkas
  2 ball pythons
  4 bats
  5 giant newts
  8 kobolds
  6 rats
189 creatures vanquished.

Vanquished Creatures (collateral kills)
  Grinder (D:6)
  A hippogriff (D:9)
  A water moccasin (D:9)
  An orc warrior (D:7)
  3 necrophages
  An eye of draining (D:8)
  2 ice beasts
  3 ogres (D:9)
  A wolf (D:9)
  A centaur (D:9)
  2 giant frogs (D:9)
  A big kobold (D:8)
  2 wights (D:8)
  A crimson imp (D:7)
  A hound (D:7)
  A giant frog zombie (D:7)
  3 orc priests
  Jessica (D:6)
  4 orc wizards
  An iguana (D:9)
  4 worker ants
  An adder (D:9)
  7 orcs
  A giant cockroach (D:7)
  5 jackals
  A giant gecko zombie (D:8)
  3 kobolds (D:8)
54 creatures vanquished.

Vanquished Creatures (others)
  3 slaves (D:6)
  Dowan (D:6)
  3 battlemagi
  2 ancestors
  A hound skeleton (D:6)
  An adder (D:6)
11 creatures vanquished.

Grand Total: 254 creatures vanquished

Notes
Turn   | Place    | Note
--------------------------------------------------------------
     0 | D:1      | Krapule the Demonspawn Gladiator began the quest for the Orb.
     0 | D:1      | Reached XP level 1. HP: 16/16 MP: 1/1
   183 | D:1      | Gained mutation: You have a pair of small antennae on your head. [demonic ancestry]
   183 | D:1      | Reached XP level 2. HP: 22/22 MP: 2/2
   820 | D:2      | Reached skill level 1 in Armour
   826 | D:2      | Gained mutation: You are partially covered in thin metallic scales. (AC +2) [demonic ancestry]
   826 | D:2      | Reached XP level 3. HP: 23/28 MP: 3/3
   986 | D:2      | Found an opulent altar of Gozag.
  1393 | D:2      | Reached XP level 4. HP: 33/34 MP: 4/4
  1984 | D:3      | Found a shadowy altar of Dithmenos.
  2060 | D:3      | Reached skill level 3 in Fighting
  2191 | D:3      | Found a radiant altar of Vehumet.
  2341 | D:3      | Found a shattered altar of Ashenzari.
  2581 | D:3      | You fall through a shaft for 2 floors!
  2581 | D:5      | Entered Level 5 of the Dungeon
  2601 | D:5      | Gained mutation: You have a pair of antennae on your head. [demonic ancestry]
  2601 | D:5      | Reached XP level 5. HP: 10/41 MP: 5/5
  2856 | D:5      | Found an ancient bone altar of Kikubaaqudgha.
  2951 | D:4      | Found a blossoming altar of Fedhas.
  3578 | D:4      | Found a snail-covered altar of Cheibriados.
  3591 | D:4      | Found a stormy altar of Qazlal.
  3745 | D:4      | Found a bloodstained altar of Trog.
  3991 | D:5      | Gained mutation: You have a pair of large antennae on your head. (SInv) [demonic ancestry]
  3991 | D:5      | Reached XP level 6. HP: 43/48 MP: 6/6
  4033 | D:5      | Noticed a sky beast
  4046 | D:5      | Killed a sky beast
  4046 | D:5      | Reached skill level 4 in Fighting
  4105 | D:5      | Found a glowing silver altar of Zin.
  4569 | D:6      | Noticed an ice beast
  4575 | D:6      | Noticed a slave
  4575 | D:6      | Noticed Dowan
  4577 | D:6      | Noticed Duvessa
  4591 | D:5      | Gained mutation: You are mostly covered in thin metallic scales. (AC +3) [demonic ancestry]
  4591 | D:5      | Reached XP level 7. HP: 17/55 MP: 7/7
  5303 | D:6      | Noticed Edmund
  5319 | D:5      | Reached skill level 5 in Fighting
  5639 | D:6      | Noticed Pikel
  5658 | D:5      | Killed Pikel
  5658 | D:5      | Reached skill level 5 in Staves
  5658 | D:5      | Reached skill level 5 in Dodging
  5658 | D:5      | Reached XP level 8. HP: 52/64 MP: 8/8
  5683 | D:5      | Killed Edmund
  5683 | D:5      | Reached skill level 6 in Fighting
  5759 | D:6      | Killed Dowan
  6067 | D:5      | Killed Duvessa
  6273 | D:6      | Found a staircase to the Ecumenical Temple.
  6514 | Temple   | Entered the Ecumenical Temple
  6558 | Temple   | Became a worshipper of Hepliaklqana
  6628 | D:6      | Noticed Jessica
  6641 | D:6      | Killed Jessica
  6698 | D:6      | Found a deep blue altar of Sif Muna.
  6785 | D:6      | Found a hazy altar of Hepliaklqana.
  6817 | D:6      | Found a white marble altar of Elyvilon.
  6818 | D:6      | Found a shimmering altar of Xom.
  6837 | D:6      | Reached skill level 1 in Invocations
  7166 | D:6      | Noticed Grinder
  7174 | D:6      | Paralysed by Grinder for 7 turns
  7221 | D:6      | HP: 2/65 [Grinder (11)]
  7223 | D:6      | Killed Grinder
  7711 | D:7      | Reached XP level 9. HP: 65/71 MP: 11/11
  7820 | D:7      | Reached skill level 7 in Fighting
  8249 | D:7      | Found Qocvewu's Jewellery Shop.
  8386 | D:7      | Reached * piety under Hepliaklqana
  8423 | D:7      | Reached skill level 5 in Invocations
  9584 | D:8      | Reached skill level 8 in Fighting
  9922 | D:8      | Reached ** piety under Hepliaklqana
 10072 | D:8      | Reached XP level 10. HP: 78/78 MP: 6/14
 10073 | D:8      | Remembered your ancestor Funestine as a battlemage
 11217 | D:9      | Found a sacrificial altar of Ru.
 11223 | D:9      | Noticed Grum
 11224 | D:9      | Noticed Erica
 11234 | D:9      | Killed Grum
 11240 | D:9      | Killed Erica
 11730 | D:9      | Reached *** piety under Hepliaklqana
 11758 | D:9      | Found a staircase to the Lair.
 11786 | D:9      | Found a burning altar of Makhleb.
 11920 | D:10     | Entered Level 10 of the Dungeon
 11920 | D:10     | Noticed a hill giant
 12003 | D:10     | Noticed Joseph
 12087 | D:9      | Reached skill level 9 in Fighting
 12577 | D:10     | Shot with a sling bullet by Joseph

Vault maps used:
D:1:      dpeg_arrival_solitude
D:2:      nicolae_gozag_cash_rules_everything_around_me, serial_corexii_hall,
          corexii_hall_statues_u, corexii_hall_statues_i, corexii_hall_statues_l
D:3:      cheibrodos_ashenzari_chains, lemuel_coloured_pillars_altar,
          nicolae_overflow_hidden_temple
D:4:      nicolae_overflow_crystal_walls, lemuel_crystal_altar,
          cheibriados_altar_1, overflow_temple_1_default
D:5:      lemuel_crystal_altar, zin_academy, first_bread
D:6:      tgw_sif, gammafunk_temple_overflow_statue,
          minmay_temple_entry_overgrown, basic_altar, roderic_roman_lattice,
          uniq_pikel, uniq_grinder, uniq_duvessa, uniq_edmund
D:7:      serial_undead, serial_undead_e, serial_undead_e, serial_undead_b,
          serial_undead_a, serial_undead_e, serial_undead_f, serial_undead_d,
          serial_undead_a, serial_shops, nicolae_shop_trees
D:9:      lemuel_crystal_altar, kennysheep_mini_moat, lair_0_dummy,
          nrook_loot_triangle, grunt_decor_clamped, uniq_erica, uniq_grum
D:10:     uniq_joseph
Temple:   nicolae_temple_great_sept

Skill      XL: |  1  2  3  4  5  6  7  8  9 10 |
---------------+-------------------------------+-----
Throwing       | 2 |  2.0
Armour         | 1 2 4 |  4.2
Staves         | 3 4 5 6 7 8 |  8.5
Dodging        | 3 4 5 6 7 8 |  8.3
Fighting       | 3 4 5 6 8 9 |  9.0
Invocations    | 3 6 8 |  8.0

Action                   |  1- 3 |  4- 6 |  7- 9 | 10-12 || total
-------------------------+-------+-------+-------+-------++-------
Melee: Quarterstaff      |    89 |   236 |   437 |   197 ||   959
       Unarmed           |       |       |    44 |       ||    44
 Fire: Shortbow          |       |    50 |    10 |     4 ||    64
Throw: Throwing net      |       |     1 |       |       ||     1
Invok: Ancestor Life: Ba |       |       |       |     1 ||     1
  Use: Potion            |       |       |     7 |     3 ||    10
       Scroll            |       |       |    12 |     2 ||    14
 Stab: Held in net/web   |       |     2 |       |       ||     2
       Distracted        |       |       |     1 |     2 ||     3
  Eat: Chunk             |     1 |    11 |    18 |    10 ||    40
Armor: Ring mail         |    41 |    84 |    94 |       ||   219
       Leather armour    |     1 |       |       |       ||     1
       Skin              |       |       |     2 |       ||     2
       Ice dragon armour |       |       |    10 |   112 ||   122
Dodge: Dodged            |    63 |   183 |   262 |   187 ||   695
